[ PARTIDA AOE2 · #472888366 ]
UnrankedBritanos vs Franks
Equipo del jugador · DERR
[ ANÁLISIS DE REPETICIÓN · EXTRAÍDO DE LA PARTIDA GRABADA ]
Feudal
10:47
Castillos
15:56
Imperial
40:16
| APM promedio | 41.9 |
| APM pico | 108 |
| eAPM promedio | 19.8 |
| Aldeanos / militares | 119 / 501 |
Foco
⚔️ 59.8% · 🌾 40.2%
Spearman ×246 · Longbowman ×130 · Skirmisher ×42 · Archer ×41 · Scout Cavalry ×25 · Battering Ram ×5
Feudal
10:08
Castillos
18:54
Imperial
35:25
| APM promedio | 30.2 |
| APM pico | 104 |
| eAPM promedio | 24.7 |
| Aldeanos / militares | 133 / 508 |
Foco
⚔️ 43.0% · 🌾 57.0%
Knight ×237 · Spearman ×193 · Scorpion ×49 · Trade Cart ×35 · Mangonel ×8 · Battering Ram ×8
Feudal
—
Castillos
—
Imperial
—
| APM promedio | 30.4 |
| APM pico | 67 |
| eAPM promedio | 16.3 |
| Aldeanos / militares | 145 / 713 |
Foco
⚔️ 32.9% · 🌾 67.1%
Scout Cavalry ×301 · Camel Scout ×250 · Hand Cannoneer ×147 · Trade Cart ×13 · Bombard Cannon ×10 · Monk ×3
Feudal
10:56
Castillos
19:57
Imperial
37:28
| APM promedio | 20.5 |
| APM pico | 58 |
| eAPM promedio | 12.6 |
| Aldeanos / militares | 160 / 710 |
Foco
⚔️ 44.2% · 🌾 55.8%
Archer ×293 · Scout Cavalry ×282 · War Elephant ×78 · Spearman ×41 · Trade Cart ×13 · Bombard Cannon ×9
Feudal
—
Castillos
—
Imperial
—
| APM promedio | 27.5 |
| APM pico | 72 |
| eAPM promedio | 17.6 |
| Aldeanos / militares | 161 / 284 |
Foco
⚔️ 37.0% · 🌾 63.0%
Spearman ×150 · Knight ×56 · Skirmisher ×44 · Conquistador ×15 · Trade Cart ×11 · Scout Cavalry ×7
Feudal
10:20
Castillos
16:39
Imperial
63:35
| APM promedio | 24.7 |
| APM pico | 72 |
| eAPM promedio | 15.2 |
| Aldeanos / militares | 142 / 57 |
Foco
⚔️ 10.6% · 🌾 89.4%
Skirmisher ×30 · Scout Cavalry ×17 · Battle Elephant ×8 · Trade Cart ×4 · Mangonel ×2
Feudal
—
Castillos
—
Imperial
—
| APM promedio | 21.2 |
| APM pico | 45 |
| eAPM promedio | 12.8 |
| Aldeanos / militares | 152 / 658 |
Foco
⚔️ 32.1% · 🌾 67.9%
Spearman ×434 · Hussite Wagon ×120 · Scout Cavalry ×89 · Bombard Cannon ×11 · Scorpion ×2 · Trebuchet (Packed) ×2
Feudal
12:42
Castillos
17:59
Imperial
32:18
| APM promedio | 28.9 |
| APM pico | 72 |
| eAPM promedio | 15.7 |
| Aldeanos / militares | 160 / 374 |
Foco
⚔️ 47.5% · 🌾 52.5%
Spearman ×208 · Longbowman ×126 · Trebuchet (Packed) ×13 · Mangonel ×11 · Scout Cavalry ×10 · Battering Ram ×5
Mapa de la partida
Recursos iniciales + cada clic de construcción. Líneas = muros · curvas = relieve. ◆ oro · ⬟ piedra · ● bayas · ✦ reliquia · ◌ hueco del cierre
Inputs por minuto
— jorgees94 - - F3llipe
Build order — jorgees94
Primeras 150 de 817 acciones detectadas
| 0:02 | Crear | Villager (Male) |
| 0:03 | Crear | Villager (Male) |
| 0:03 | Crear | Villager (Male) |
| 0:03 | Crear | Villager (Male) |
| 0:04 | Crear | Villager (Male) |
| 0:05 | Construir | House |
| 0:07 | Construir | House |
| 1:23 | Crear | Villager (Male) |
| 1:42 | Crear | Villager (Male) |
| 1:48 | Construir | Lumber Camp |
| 2:18 | Crear | Villager (Male) |
| 2:36 | Crear | Villager (Male) |
| 3:01 | Construir | House |
| 3:13 | Crear | Villager (Male) |
| 3:53 | Crear | Villager (Male) |
| 4:01 | Construir | Mill |
| 4:04 | Crear | Villager (Male) |
| 4:56 | Crear | Villager (Male) |
| 5:28 | Crear | Villager (Male) |
| 5:29 | Crear | Villager (Male) |
| 5:50 | Construir | House |
| 5:55 | Crear | Villager (Male) |
| 6:57 | Construir | Mill |
| 7:12 | Crear | Villager (Male) |
| 7:13 | Crear | Villager (Male) |
| 7:25 | Crear | Villager (Male) |
| 8:06 | Crear | Villager (Male) |
| 8:12 | Investigar | Loom |
| 8:26 | Investigar | Feudal Age |
| 9:41 | Crear | Villager (Male) |
| 9:41 | Crear | Villager (Male) |
| 9:56 | Construir | Mining Camp |
| 10:39 | Crear | Villager (Male) |
| 10:47 | Edad | Edad Feudal |
| 11:15 | Crear | Villager (Male) |
| 11:18 | Crear | Villager (Male) |
| 11:21 | Investigar | Double-Bit Axe |
| 11:42 | Construir | Market |
| 11:45 | Crear | Villager (Male) |
| 12:01 | Construir | Blacksmith |
| 12:04 | Crear | Villager (Male) |
| 12:15 | Construir | House |
| 12:41 | Crear | Villager (Male) |
| 13:03 | Investigar | Castle Age |
| 13:09 | Construir | Farm |
| 13:28 | Construir | Farm |
| 13:28 | Construir | Farm |
| 13:28 | Construir | Farm |
| 13:28 | Construir | Farm |
| 13:29 | Construir | Farm |
| 13:29 | Construir | Farm |
| 13:33 | Construir | Farm |
| 14:00 | Construir | Lumber Camp |
| 14:55 | Crear | Villager (Male) |
| 14:55 | Crear | Villager (Male) |
| 15:13 | Construir | Barracks |
| 15:56 | Edad | Edad de los Castillos |
| 16:04 | Construir | Siege Workshop |
| 16:20 | Investigar | Bow Saw |
| 16:22 | Crear | Villager (Male) |
| 16:22 | Crear | Villager (Male) |
| 16:25 | Construir | Farm |
| 17:07 | Construir | Archery Range |
| 17:12 | Construir | House |
| 17:20 | Construir | House |
| 17:23 | Investigar | Wheelbarrow |
| 17:42 | Crear | Villager (Male) |
| 17:42 | Crear | Villager (Male) |
| 18:03 | Construir | House |
| 18:06 | Crear | Villager (Male) |
| 18:13 | Crear | Battering Ram |
| 18:29 | Construir | Archery Range |
| 18:38 | Investigar | Crossbowman (upgrade) |
| 18:41 | Investigar | Fletching |
| 18:42 | Crear | Villager (Male) |
| 18:43 | Crear | Villager (Male) |
| 19:14 | Crear | Battering Ram |
| 19:16 | Crear | Skirmisher |
| 19:19 | Crear | Archer |
| 19:19 | Crear | Archer |
| 19:24 | Construir | House |
| 19:36 | Construir | Mining Camp |
| 19:38 | Crear | Villager (Male) |
| 19:57 | Crear | Villager (Male) |
| 20:14 | Construir | Farm |
| 20:17 | Construir | Farm |
| 20:22 | Construir | Farm |
| 20:27 | Crear | Archer |
| 20:27 | Crear | Archer |
| 20:45 | Crear | Villager (Male) |
| 20:48 | Construir | Farm |
| 20:57 | Construir | Farm |
| 20:57 | Construir | Farm |
| 20:57 | Construir | Farm |
| 20:58 | Construir | Farm |
| 20:58 | Construir | Farm |
| 21:18 | Crear | Archer |
| 21:18 | Crear | Archer |
| 21:33 | Crear | Villager (Male) |
| 21:34 | Crear | Villager (Male) |
| 21:46 | Crear | Archer |
| 21:48 | Crear | Archer |
| 22:00 | Crear | Villager (Male) |
| 22:01 | Crear | Villager (Male) |
| 22:31 | Construir | Stable |
| 22:34 | Construir | Stable |
| 22:41 | Crear | Archer |
| 22:41 | Crear | Archer |
| 23:05 | Investigar | Bodkin Arrow |
| 23:14 | Crear | Archer |
| 24:08 | Crear | Archer |
| 24:08 | Crear | Archer |
| 24:08 | Crear | Archer |
| 24:09 | Crear | Archer |
| 24:12 | Construir | Farm |
| 24:13 | Construir | Farm |
| 24:13 | Construir | Farm |
| 24:13 | Construir | Farm |
| 24:13 | Construir | Farm |
| 24:14 | Construir | Farm |
| 24:14 | Construir | Farm |
| 24:15 | Crear | Villager (Male) |
| 24:15 | Crear | Villager (Male) |
| 24:16 | Crear | Villager (Male) |
| 24:16 | Crear | Villager (Male) |
| 24:16 | Crear | Villager (Male) |
| 24:23 | Construir | House |
| 24:24 | Construir | House |
| 24:24 | Construir | House |
| 24:25 | Construir | House |
| 25:14 | Crear | Battering Ram |
| 25:14 | Crear | Battering Ram |
| 25:18 | Crear | Archer |
| 25:19 | Crear | Archer |
| 26:26 | Crear | Scout Cavalry |
| 26:26 | Crear | Scout Cavalry |
| 26:26 | Crear | Scout Cavalry |
| 26:27 | Crear | Scout Cavalry |
| 26:27 | Crear | Scout Cavalry |
| 26:27 | Crear | Scout Cavalry |
| 26:30 | Crear | Archer |
| 26:31 | Crear | Archer |
| 26:31 | Crear | Archer |
| 26:31 | Crear | Archer |
| 26:32 | Crear | Archer |
| 27:07 | Crear | Scout Cavalry |
| 27:07 | Crear | Scout Cavalry |
| 27:07 | Crear | Scout Cavalry |
| 27:10 | Investigar | Scale Barding Armor |
| 27:11 | Investigar | Forging |
Build order — F3llipe
Primeras 150 de 918 acciones detectadas
| 0:02 | Crear | Villager (Male) |
| 0:02 | Crear | Villager (Male) |
| 0:02 | Crear | Villager (Male) |
| 0:05 | Construir | House |
| 0:07 | Construir | House |
| 0:08 | Crear | Villager (Male) |
| 0:08 | Crear | Villager (Male) |
| 1:35 | Crear | Villager (Male) |
| 1:35 | Crear | Villager (Male) |
| 1:45 | Construir | Lumber Camp |
| 1:54 | Crear | Villager (Male) |
| 1:54 | Crear | Villager (Male) |
| 2:25 | Crear | Villager (Male) |
| 2:55 | Crear | Villager (Male) |
| 2:55 | Crear | Villager (Male) |
| 3:10 | Crear | Villager (Male) |
| 3:29 | Construir | Mill |
| 4:00 | Crear | Villager (Male) |
| 4:09 | Construir | House |
| 4:14 | Crear | Villager (Male) |
| 4:32 | Crear | Villager (Male) |
| 4:48 | Crear | Villager (Male) |
| 5:19 | Crear | Villager (Male) |
| 5:48 | Construir | Mining Camp |
| 5:52 | Crear | Villager (Male) |
| 6:06 | Construir | House |
| 6:49 | Crear | Villager (Male) |
| 6:51 | Crear | Villager (Male) |
| 7:58 | Investigar | Feudal Age |
| 7:58 | Crear | Villager (Male) |
| 8:01 | Crear | Villager (Male) |
| 8:21 | Crear | Villager (Male) |
| 8:22 | Crear | Villager (Male) |
| 8:41 | Construir | Mill |
| 9:21 | Construir | House |
| 9:38 | Construir | Farm |
| 9:38 | Construir | Farm |
| 9:39 | Construir | Farm |
| 9:40 | Construir | Farm |
| 10:02 | Crear | Villager (Male) |
| 10:08 | Edad | Edad Feudal |
| 10:21 | Crear | Villager (Male) |
| 10:37 | Construir | Farm |
| 11:04 | Construir | Blacksmith |
| 11:16 | Crear | Villager (Male) |
| 11:16 | Crear | Villager (Male) |
| 11:20 | Investigar | Double-Bit Axe |
| 11:24 | Construir | House |
| 11:43 | Construir | House |
| 11:54 | Construir | Mining Camp |
| 11:59 | Construir | Farm |
| 12:00 | Crear | Villager (Male) |
| 12:21 | Construir | Farm |
| 12:47 | Construir | Farm |
| 12:51 | Crear | Villager (Male) |
| 13:10 | Construir | Farm |
| 13:27 | Crear | Villager (Male) |
| 13:31 | Construir | Farm |
| 13:49 | Construir | Farm |
| 13:56 | Construir | Farm |
| 13:59 | Crear | Villager (Male) |
| 13:59 | Crear | Villager (Male) |
| 14:31 | Construir | Market |
| 14:59 | Crear | Villager (Male) |
| 15:00 | Crear | Villager (Male) |
| 15:06 | Crear | Villager (Male) |
| 15:29 | Construir | Farm |
| 15:35 | Investigar | Castle Age |
| 15:57 | Construir | Farm |
| 16:11 | Construir | Mining Camp |
| 16:20 | Investigar | Wheelbarrow |
| 16:24 | Crear | Villager (Male) |
| 16:40 | Construir | Barracks |
| 16:53 | Construir | House |
| 16:53 | Construir | House |
| 17:16 | Crear | Villager (Male) |
| 17:16 | Crear | Villager (Male) |
| 17:21 | Investigar | Wheelbarrow |
| 17:41 | Construir | Lumber Camp |
| 18:13 | Crear | Villager (Male) |
| 18:25 | Construir | Farm |
| 18:26 | Construir | Farm |
| 18:26 | Construir | Farm |
| 18:27 | Construir | Farm |
| 18:38 | Construir | Stable |
| 18:44 | Construir | House |
| 18:54 | Edad | Edad de los Castillos |
| 19:16 | Construir | Town Center |
| 19:23 | Crear | Villager (Male) |
| 20:06 | Construir | House |
| 20:09 | Crear | Villager (Male) |
| 20:10 | Crear | Villager (Male) |
| 20:33 | Crear | Villager (Male) |
| 20:33 | Crear | Villager (Male) |
| 20:49 | Crear | Villager (Male) |
| 20:52 | Crear | Villager (Male) |
| 20:52 | Crear | Villager (Male) |
| 20:52 | Crear | Villager (Male) |
| 20:55 | Construir | House |
| 20:59 | Construir | Monastery |
| 21:07 | Crear | Villager (Male) |
| 21:08 | Crear | Villager (Male) |
| 21:08 | Crear | Villager (Male) |
| 21:15 | Investigar | Husbandry |
| 21:15 | Crear | Knight |
| 21:16 | Crear | Knight |
| 21:16 | Crear | Knight |
| 21:16 | Crear | Knight |
| 21:34 | Construir | Stable |
| 21:41 | Crear | Villager (Male) |
| 21:43 | Crear | Villager (Male) |
| 21:47 | Investigar | Bow Saw |
| 21:52 | Investigar | Scale Barding Armor |
| 21:54 | Investigar | Forging |
| 22:09 | Crear | Monk |
| 22:21 | Crear | Villager (Male) |
| 22:24 | Investigar | Stone Mining |
| 22:29 | Crear | Knight |
| 22:39 | Crear | Knight |
| 22:45 | Construir | House |
| 22:46 | Construir | House |
| 22:48 | Construir | House |
| 22:49 | Construir | House |
| 22:57 | Crear | Villager (Male) |
| 22:57 | Crear | Villager (Male) |
| 23:02 | Construir | Farm |
| 23:30 | Crear | Knight |
| 23:30 | Crear | Knight |
| 23:36 | Construir | Farm |
| 23:36 | Crear | Villager (Male) |
| 23:37 | Crear | Villager (Male) |
| 23:37 | Crear | Villager (Male) |
| 23:44 | Construir | Farm |
| 23:48 | Crear | Villager (Male) |
| 23:49 | Crear | Villager (Male) |
| 23:57 | Construir | Mining Camp |
| 24:00 | Crear | Villager (Male) |
| 24:01 | Crear | Villager (Male) |
| 24:25 | Construir | Town Center |
| 24:34 | Crear | Villager (Male) |
| 24:34 | Crear | Villager (Male) |
| 24:37 | Crear | Knight |
| 24:37 | Crear | Knight |
| 24:37 | Crear | Knight |
| 24:49 | Construir | Siege Workshop |
| 25:02 | Construir | Mining Camp |
| 25:08 | Crear | Villager (Male) |
| 25:08 | Crear | Villager (Male) |
| 25:17 | Investigar | Gold Mining |
| 25:22 | Construir | Farm |
Build order — BeuN AZRAEL
Primeras 150 de 613 acciones detectadas
| 0:03 | Construir | House |
| 0:05 | Construir | House |
| 0:07 | Crear | Villager (Male) |
| 0:07 | Crear | Villager (Male) |
| 0:07 | Crear | Villager (Male) |
| 0:08 | Crear | Villager (Male) |
| 1:43 | Crear | Villager (Male) |
| 1:58 | Construir | Lumber Camp |
| 2:01 | Crear | Villager (Male) |
| 2:28 | Crear | Villager (Male) |
| 2:34 | Construir | House |
| 2:59 | Crear | Villager (Male) |
| 2:59 | Crear | Villager (Male) |
| 3:23 | Construir | Building 804 |
| 3:37 | Construir | Building 804 |
| 3:48 | Crear | Villager (Male) |
| 3:48 | Crear | Villager (Male) |
| 4:01 | Crear | Villager (Male) |
| 4:14 | Construir | Palisade Wall |
| 4:19 | Construir | Palisade Wall |
| 4:24 | Construir | Palisade Wall |
| 4:40 | Crear | Villager (Male) |
| 4:40 | Crear | Villager (Male) |
| 5:06 | Crear | Villager (Male) |
| 5:22 | Construir | Mill |
| 5:38 | Crear | Villager (Male) |
| 5:38 | Crear | Villager (Male) |
| 6:06 | Construir | Building 804 |
| 6:10 | Crear | Villager (Male) |
| 6:24 | Crear | Villager (Male) |
| 6:25 | Crear | Villager (Male) |
| 6:53 | Construir | House |
| 6:55 | Construir | House |
| 8:06 | Crear | Villager (Male) |
| 8:08 | Construir | Mining Camp |
| 8:14 | Crear | Villager (Male) |
| 8:42 | Crear | Villager (Male) |
| 9:26 | Crear | Villager (Male) |
| 9:28 | Investigar | Feudal Age |
| 9:54 | Construir | House |
| 10:11 | Construir | House |
| 10:43 | Construir | Mill |
| 12:01 | Crear | Villager (Male) |
| 12:07 | Construir | Market |
| 12:14 | Construir | Blacksmith |
| 12:26 | Construir | Farm |
| 12:29 | Construir | Farm |
| 12:29 | Construir | Farm |
| 12:44 | Crear | Villager (Male) |
| 12:52 | Construir | Farm |
| 12:59 | Investigar | Castle Age |
| 12:59 | Investigar | Castle Age |
| 13:49 | Construir | Barracks |
| 14:11 | Investigar | Double-Bit Axe |
| 14:45 | Construir | Stable |
| 15:00 | Crear | Villager (Male) |
| 15:01 | Crear | Villager (Male) |
| 15:35 | Crear | Scout Cavalry |
| 15:40 | Crear | Scout Cavalry |
| 15:54 | Construir | Town Center |
| 15:57 | Crear | Villager (Male) |
| 16:26 | Investigar | Bow Saw |
| 16:51 | Construir | Monastery |
| 16:56 | Construir | Farm |
| 17:04 | Crear | Villager (Male) |
| 17:10 | Construir | Farm |
| 17:12 | Construir | Farm |
| 17:13 | Crear | Villager (Male) |
| 17:18 | Construir | Farm |
| 17:22 | Crear | Villager (Male) |
| 17:23 | Crear | Villager (Male) |
| 17:38 | Construir | Farm |
| 17:46 | Construir | Farm |
| 17:50 | Construir | Farm |
| 17:53 | Crear | Villager (Male) |
| 17:53 | Crear | Villager (Male) |
| 17:57 | Investigar | Horse Collar |
| 18:01 | Construir | Farm |
| 18:09 | Crear | Monk |
| 18:16 | Crear | Monk |
| 18:19 | Crear | Villager (Male) |
| 18:19 | Crear | Villager (Male) |
| 18:23 | Construir | Farm |
| 18:27 | Construir | Farm |
| 18:57 | Crear | Villager (Male) |
| 18:57 | Crear | Villager (Male) |
| 18:57 | Crear | Villager (Male) |
| 19:07 | Construir | Farm |
| 19:07 | Construir | Farm |
| 19:21 | Crear | Monk |
| 19:26 | Crear | Villager (Male) |
| 19:26 | Crear | Villager (Male) |
| 19:27 | Crear | Villager (Male) |
| 19:31 | Construir | Farm |
| 19:36 | Construir | Town Center |
| 19:41 | Crear | Villager (Male) |
| 19:45 | Construir | Farm |
| 19:49 | Construir | Farm |
| 20:02 | Construir | House |
| 20:02 | Construir | House |
| 20:02 | Construir | House |
| 20:03 | Construir | House |
| 20:04 | Construir | House |
| 20:15 | Construir | House |
| 20:16 | Construir | House |
| 20:16 | Construir | House |
| 20:16 | Construir | House |
| 20:16 | Construir | House |
| 20:17 | Construir | House |
| 20:17 | Construir | House |
| 20:18 | Construir | House |
| 20:18 | Construir | House |
| 20:45 | Construir | Farm |
| 20:54 | Crear | Scout Cavalry |
| 20:54 | Crear | Scout Cavalry |
| 21:02 | Crear | Villager (Male) |
| 21:03 | Crear | Villager (Male) |
| 21:14 | Investigar | Heavy Plow |
| 21:16 | Construir | Farm |
| 21:22 | Construir | Farm |
| 21:27 | Crear | Villager (Male) |
| 21:27 | Crear | Villager (Male) |
| 21:27 | Crear | Villager (Male) |
| 22:03 | Crear | Scout Cavalry |
| 22:05 | Crear | Villager (Male) |
| 22:05 | Crear | Villager (Male) |
| 22:06 | Crear | Villager (Male) |
| 22:07 | Crear | Villager (Male) |
| 22:07 | Crear | Villager (Male) |
| 22:14 | Construir | Farm |
| 22:16 | Construir | Farm |
| 22:27 | Crear | Villager (Male) |
| 22:28 | Crear | Villager (Male) |
| 22:28 | Crear | Villager (Male) |
| 22:37 | Construir | Lumber Camp |
| 23:03 | Crear | Villager (Male) |
| 23:03 | Crear | Villager (Male) |
| 23:17 | Crear | Villager (Male) |
| 23:17 | Crear | Villager (Male) |
| 23:18 | Crear | Villager (Male) |
| 23:18 | Crear | Villager (Male) |
| 23:28 | Construir | Farm |
| 23:31 | Construir | Farm |
| 23:44 | Construir | Farm |
| 23:44 | Construir | Farm |
| 23:53 | Crear | Villager (Male) |
| 23:53 | Crear | Villager (Male) |
| 23:53 | Crear | Villager (Male) |
| 23:55 | Construir | House |
| 23:56 | Construir | House |
Build order — AztK_Xhelotl_ °_°
Primeras 150 de 499 acciones detectadas
| 0:26 | Construir | House |
| 0:33 | Construir | House |
| 0:34 | Crear | Villager (Male) |
| 0:35 | Crear | Villager (Male) |
| 0:35 | Crear | Villager (Male) |
| 0:35 | Crear | Villager (Male) |
| 0:35 | Crear | Villager (Male) |
| 0:35 | Crear | Villager (Male) |
| 0:35 | Crear | Villager (Male) |
| 2:19 | Crear | Villager (Male) |
| 2:19 | Crear | Villager (Male) |
| 2:19 | Crear | Villager (Male) |
| 2:20 | Crear | Villager (Male) |
| 2:47 | Crear | Villager (Male) |
| 2:47 | Crear | Villager (Male) |
| 3:05 | Crear | Villager (Male) |
| 3:05 | Crear | Villager (Male) |
| 3:11 | Construir | House |
| 3:12 | Construir | House |
| 3:17 | Crear | Villager (Male) |
| 3:44 | Crear | Villager (Male) |
| 3:45 | Crear | Villager (Male) |
| 4:12 | Crear | Villager (Male) |
| 4:12 | Crear | Villager (Male) |
| 4:33 | Construir | Mill |
| 4:53 | Crear | Villager (Male) |
| 4:54 | Crear | Villager (Male) |
| 5:22 | Crear | Villager (Male) |
| 5:22 | Crear | Villager (Male) |
| 5:22 | Crear | Villager (Male) |
| 5:22 | Crear | Villager (Male) |
| 5:28 | Construir | Lumber Camp |
| 5:53 | Crear | Villager (Male) |
| 5:54 | Crear | Villager (Male) |
| 5:54 | Crear | Villager (Male) |
| 5:54 | Crear | Villager (Male) |
| 5:54 | Crear | Villager (Male) |
| 6:49 | Crear | Villager (Male) |
| 6:49 | Crear | Villager (Male) |
| 7:17 | Crear | Villager (Male) |
| 8:00 | Investigar | Loom |
| 8:46 | Construir | House |
| 8:52 | Investigar | Feudal Age |
| 10:04 | Construir | Mining Camp |
| 10:15 | Construir | Mining Camp |
| 10:35 | Construir | Barracks |
| 10:56 | Edad | Edad Feudal |
| 10:56 | Crear | Villager (Male) ×5 |
| 10:57 | Crear | Villager (Male) |
| 11:03 | Crear | Villager (Male) |
| 11:03 | Crear | Villager (Male) |
| 11:13 | Construir | Farm |
| 11:16 | Construir | Farm |
| 11:17 | Construir | Farm |
| 11:40 | Construir | Blacksmith |
| 11:43 | Construir | House |
| 12:00 | Crear | Spearman |
| 12:38 | Investigar | Double-Bit Axe |
| 13:26 | Investigar | Horse Collar |
| 13:46 | Investigar | Wheelbarrow |
| 13:59 | Construir | House |
| 14:04 | Construir | Stable |
| 14:08 | Construir | Stable |
| 14:47 | Crear | Villager (Male) |
| 14:47 | Crear | Villager (Male) |
| 16:12 | Construir | Market |
| 16:53 | Construir | Farm |
| 16:54 | Construir | Farm |
| 16:56 | Construir | Farm |
| 16:58 | Construir | Farm |
| 17:00 | Construir | Farm |
| 17:02 | Construir | Farm |
| 17:04 | Construir | Farm |
| 17:25 | Construir | House |
| 17:26 | Construir | House |
| 17:28 | Construir | House |
| 17:31 | Investigar | Castle Age |
| 17:31 | Investigar | Castle Age |
| 17:31 | Investigar | Castle Age |
| 17:35 | Crear | Trade Cart ×2 |
| 17:47 | Crear | Trade Cart |
| 19:57 | Edad | Edad de los Castillos |
| 19:59 | Investigar | Stone Mining |
| 20:04 | Investigar | Bow Saw |
| 20:08 | Investigar | Gold Mining |
| 20:11 | Investigar | Heavy Plow |
| 20:26 | Construir | Castle |
| 20:40 | Crear | Villager (Male) |
| 20:41 | Crear | Villager (Male) ×5 |
| 21:09 | Construir | Town Center |
| 22:29 | Investigar | Hand Cart |
| 22:45 | Construir | Farm |
| 22:46 | Construir | Farm |
| 22:48 | Construir | Farm |
| 22:54 | Crear | Villager (Male) |
| 22:54 | Crear | Villager (Male) |
| 22:57 | Crear | Villager (Male) |
| 22:57 | Crear | Villager (Male) |
| 23:22 | Construir | Siege Workshop |
| 23:38 | Construir | Farm |
| 23:40 | Construir | Farm |
| 23:44 | Construir | Farm |
| 23:51 | Crear | Villager (Male) |
| 23:51 | Crear | Villager (Male) |
| 24:19 | Crear | Battering Ram |
| 24:47 | Crear | Villager (Male) |
| 24:47 | Crear | Villager (Male) |
| 24:49 | Crear | Villager (Male) |
| 24:49 | Crear | Villager (Male) |
| 24:50 | Crear | Villager (Male) |
| 25:00 | Construir | Town Center |
| 25:07 | Crear | Villager (Male) |
| 25:18 | Construir | Lumber Camp |
| 25:24 | Construir | Lumber Camp |
| 25:38 | Crear | Villager (Male) |
| 25:38 | Crear | Villager (Male) |
| 25:41 | Crear | Villager (Male) |
| 25:41 | Crear | Villager (Male) |
| 25:51 | Crear | Battering Ram |
| 26:33 | Construir | Archery Range |
| 26:34 | Construir | Archery Range |
| 26:43 | Investigar | Kamandaran |
| 26:57 | Construir | Farm |
| 26:58 | Construir | Farm |
| 26:59 | Construir | Farm |
| 27:02 | Construir | Farm |
| 27:03 | Construir | Farm |
| 27:08 | Crear | Villager (Male) |
| 27:09 | Crear | Villager (Male) |
| 27:09 | Crear | Villager (Male) |
| 27:09 | Crear | Villager (Male) |
| 27:09 | Crear | Villager (Male) |
| 27:10 | Crear | Villager (Male) |
| 27:10 | Crear | Villager (Male) |
| 27:10 | Crear | Villager (Male) |
| 27:11 | Crear | Villager (Male) |
| 27:11 | Crear | Villager (Male) |
| 27:11 | Crear | Villager (Male) |
| 27:27 | Construir | Farm |
| 27:29 | Construir | Farm |
| 27:30 | Construir | Farm |
| 27:32 | Construir | Farm |
| 28:00 | Construir | Archery Range |
| 28:16 | Construir | Castle |
| 28:31 | Crear | Battering Ram |
| 28:32 | Crear | Battering Ram |
| 28:50 | Investigar | Crossbowman (upgrade) |
| 28:50 | Investigar | Thumb Ring |
| 29:01 | Investigar | Fletching |
| 29:01 | Investigar | Padded Archer Armor |
Build order — DoomedBell1814
Primeras 150 de 752 acciones detectadas
| 0:05 | Construir | House |
| 0:06 | Construir | House |
| 0:10 | Crear | Villager (Male) |
| 0:10 | Crear | Villager (Male) |
| 0:10 | Crear | Villager (Male) |
| 0:10 | Crear | Villager (Male) |
| 0:11 | Crear | Villager (Male) |
| 1:48 | Crear | Villager (Male) |
| 1:48 | Crear | Villager (Male) |
| 1:54 | Crear | Villager (Male) |
| 2:31 | Construir | Lumber Camp |
| 2:33 | Crear | Villager (Male) |
| 2:34 | Crear | Villager (Male) |
| 3:01 | Crear | Villager (Male) |
| 3:39 | Crear | Villager (Male) |
| 3:39 | Crear | Villager (Male) |
| 4:09 | Construir | House |
| 4:22 | Crear | Villager (Male) |
| 4:32 | Crear | Villager (Male) |
| 4:32 | Crear | Villager (Male) |
| 4:38 | Construir | Mill |
| 4:59 | Crear | Villager (Male) |
| 4:59 | Crear | Villager (Male) |
| 5:49 | Construir | House |
| 6:04 | Crear | Villager (Male) |
| 6:04 | Crear | Villager (Male) |
| 6:04 | Crear | Villager (Male) |
| 6:24 | Construir | House |
| 6:59 | Investigar | Loom |
| 6:59 | Investigar | Loom |
| 7:18 | Crear | Villager (Male) |
| 7:23 | Crear | Villager (Male) |
| 7:23 | Crear | Villager (Male) |
| 7:26 | Crear | Villager (Male) |
| 7:38 | Construir | Barracks |
| 8:06 | Investigar | Loom |
| 8:26 | Construir | House |
| 8:46 | Investigar | Feudal Age |
| 9:20 | Construir | House |
| 10:01 | Construir | Farm |
| 10:09 | Construir | Farm |
| 10:10 | Construir | Farm |
| 10:12 | Construir | Farm |
| 10:13 | Construir | Farm |
| 10:15 | Construir | Farm |
| 10:17 | Construir | Farm |
| 10:38 | Construir | Farm |
| 10:45 | Construir | Farm |
| 10:57 | Crear | Villager (Male) |
| 10:57 | Crear | Villager (Male) |
| 10:57 | Crear | Villager (Male) |
| 11:21 | Construir | Market |
| 11:49 | Construir | Mining Camp |
| 12:17 | Crear | Villager (Male) |
| 12:26 | Crear | Villager (Male) |
| 12:45 | Construir | Blacksmith |
| 12:51 | Investigar | Double-Bit Axe |
| 13:04 | Crear | Villager (Male) |
| 13:05 | Crear | Villager (Male) |
| 13:05 | Crear | Villager (Male) |
| 13:29 | Construir | Mining Camp |
| 13:32 | Crear | Villager (Male) |
| 13:48 | Construir | House |
| 14:17 | Construir | House |
| 14:57 | Construir | House |
| 15:04 | Crear | Villager (Male) |
| 15:08 | Crear | Villager (Male) |
| 15:08 | Crear | Villager (Male) |
| 15:15 | Construir | Lumber Camp |
| 15:43 | Investigar | Castle Age |
| 16:20 | Construir | Stable |
| 16:29 | Construir | House |
| 17:08 | Construir | Stable |
| 17:50 | Investigar | Bloodlines |
| 17:57 | Construir | Stable |
| 18:13 | Crear | Villager (Male) |
| 18:13 | Crear | Villager (Male) |
| 18:14 | Crear | Villager (Male) |
| 18:38 | Construir | Town Center |
| 19:28 | Construir | Farm |
| 19:47 | Construir | Farm |
| 19:58 | Crear | Knight |
| 19:58 | Crear | Knight |
| 19:58 | Crear | Knight |
| 20:14 | Crear | Villager (Male) |
| 20:14 | Crear | Villager (Male) |
| 20:17 | Crear | Villager (Male) |
| 20:17 | Crear | Villager (Male) |
| 21:03 | Construir | Castle |
| 21:29 | Construir | Town Center |
| 22:22 | Construir | Siege Workshop |
| 22:34 | Crear | Villager (Male) |
| 22:34 | Crear | Villager (Male) |
| 22:37 | Crear | Villager (Male) |
| 22:40 | Crear | Villager (Male) |
| 22:41 | Crear | Villager (Male) |
| 22:41 | Crear | Villager (Male) |
| 22:43 | Crear | Villager (Male) |
| 22:43 | Crear | Villager (Male) |
| 22:44 | Crear | Villager (Male) |
| 22:58 | Crear | Villager (Male) |
| 23:05 | Construir | Farm |
| 23:06 | Construir | Farm |
| 23:07 | Construir | Farm |
| 23:09 | Construir | Farm |
| 23:10 | Construir | Farm |
| 23:13 | Construir | Farm |
| 23:16 | Crear | Villager (Male) |
| 23:17 | Crear | Villager (Male) |
| 23:25 | Crear | Mangonel |
| 23:33 | Construir | Stable |
| 23:49 | Construir | Farm |
| 23:50 | Construir | Farm |
| 23:57 | Crear | Conquistador |
| 23:57 | Crear | Conquistador |
| 24:26 | Construir | Mining Camp |
| 24:41 | Construir | Farm |
| 24:43 | Construir | Farm |
| 24:45 | Crear | Villager (Male) |
| 24:45 | Crear | Villager (Male) |
| 24:46 | Crear | Villager (Male) |
| 24:46 | Crear | Villager (Male) |
| 24:47 | Crear | Villager (Male) |
| 24:49 | Crear | Villager (Male) |
| 24:49 | Crear | Villager (Male) |
| 24:49 | Crear | Villager (Male) |
| 25:03 | Construir | Lumber Camp |
| 25:12 | Crear | Conquistador |
| 25:12 | Crear | Conquistador |
| 25:17 | Crear | Scorpion |
| 25:48 | Construir | Farm |
| 25:53 | Construir | Farm |
| 25:56 | Crear | Villager (Male) |
| 25:56 | Crear | Villager (Male) |
| 25:56 | Crear | Villager (Male) |
| 25:57 | Crear | Villager (Male) |
| 25:57 | Crear | Villager (Male) |
| 26:07 | Construir | Farm |
| 26:10 | Crear | Villager (Male) |
| 26:10 | Crear | Villager (Male) |
| 26:10 | Crear | Villager (Male) |
| 26:10 | Crear | Villager (Male) |
| 26:26 | Crear | Battering Ram |
| 26:26 | Crear | Battering Ram |
| 27:20 | Crear | Battering Ram |
| 27:21 | Crear | Battering Ram |
| 27:32 | Crear | Villager (Male) |
| 27:32 | Crear | Villager (Male) |
| 27:33 | Crear | Villager (Male) |
| 27:50 | Crear | Villager (Male) |
Build order — Stanis_Baratheon
Primeras 150 de 389 acciones detectadas
| 0:03 | Construir | House |
| 0:04 | Construir | House |
| 0:05 | Crear | Villager (Male) |
| 0:05 | Crear | Villager (Male) |
| 0:05 | Crear | Villager (Male) |
| 0:06 | Crear | Villager (Male) |
| 0:06 | Crear | Villager (Male) |
| 1:41 | Crear | Villager (Male) |
| 1:53 | Construir | Lumber Camp |
| 1:56 | Crear | Villager (Male) |
| 1:56 | Crear | Villager (Male) |
| 2:30 | Crear | Villager (Male) |
| 3:04 | Crear | Villager (Male) |
| 3:30 | Crear | Villager (Male) |
| 3:30 | Crear | Villager (Male) |
| 3:44 | Construir | House |
| 3:46 | Construir | House |
| 3:49 | Crear | Villager (Male) |
| 4:38 | Crear | Villager (Male) |
| 4:58 | Construir | Mill |
| 5:03 | Crear | Villager (Male) |
| 5:03 | Crear | Villager (Male) |
| 5:26 | Crear | Villager (Male) |
| 5:27 | Crear | Villager (Male) |
| 5:59 | Crear | Villager (Male) |
| 6:19 | Crear | Villager (Male) |
| 6:48 | Crear | Villager (Male) |
| 7:22 | Crear | Villager (Male) |
| 7:55 | Construir | Mill |
| 8:10 | Investigar | Feudal Age |
| 9:15 | Construir | Mining Camp |
| 9:36 | Crear | Villager (Male) |
| 9:36 | Crear | Villager (Male) |
| 9:36 | Crear | Villager (Male) |
| 10:20 | Edad | Edad Feudal |
| 10:57 | Crear | Villager (Male) |
| 11:18 | Construir | Blacksmith |
| 11:41 | Construir | Market |
| 11:44 | Crear | Villager (Male) |
| 12:01 | Construir | House |
| 12:20 | Construir | Mining Camp |
| 12:26 | Construir | House |
| 12:30 | Crear | Villager (Male) |
| 13:08 | Construir | Archery Range |
| 13:32 | Crear | Villager (Male) |
| 13:52 | Construir | Farm |
| 13:59 | Investigar | Castle Age |
| 14:10 | Investigar | Horse Collar |
| 15:34 | Crear | Villager (Male) |
| 15:34 | Crear | Villager (Male) |
| 15:41 | Construir | Farm |
| 15:42 | Construir | Farm |
| 15:42 | Construir | Farm |
| 15:43 | Construir | Farm |
| 15:43 | Construir | Farm |
| 15:43 | Construir | Farm |
| 15:43 | Construir | Farm |
| 15:44 | Construir | Farm |
| 16:10 | Construir | House |
| 16:39 | Edad | Edad de los Castillos |
| 16:40 | Crear | Villager (Male) |
| 17:00 | Construir | Town Center |
| 17:28 | Crear | Villager (Male) |
| 18:00 | Crear | Skirmisher |
| 19:32 | Crear | Villager (Male) |
| 19:32 | Crear | Villager (Male) |
| 20:22 | Construir | Town Center |
| 20:34 | Construir | Stable |
| 21:02 | Construir | Siege Workshop |
| 21:05 | Crear | Villager (Male) |
| 21:05 | Crear | Villager (Male) |
| 21:07 | Crear | Villager (Male) |
| 21:07 | Crear | Villager (Male) |
| 21:09 | Crear | Villager (Male) |
| 21:09 | Crear | Villager (Male) |
| 21:09 | Crear | Villager (Male) |
| 21:09 | Crear | Villager (Male) |
| 21:21 | Investigar | Elite Skirmisher (upgrade) |
| 21:24 | Crear | Villager (Male) |
| 21:25 | Crear | Villager (Male) |
| 21:31 | Crear | Battle Elephant |
| 21:32 | Crear | Battle Elephant |
| 21:32 | Crear | Battle Elephant |
| 21:57 | Construir | Monastery |
| 22:21 | Construir | House |
| 22:41 | Investigar | Husbandry |
| 22:43 | Crear | Battle Elephant |
| 23:44 | Crear | Skirmisher |
| 23:44 | Crear | Skirmisher |
| 23:44 | Crear | Skirmisher |
| 23:44 | Crear | Skirmisher |
| 23:53 | Construir | Castle |
| 24:14 | Crear | Skirmisher |
| 24:14 | Crear | Skirmisher |
| 25:45 | Crear | Villager (Male) |
| 25:45 | Crear | Villager (Male) |
| 25:46 | Crear | Villager (Male) |
| 25:52 | Crear | Mangonel |
| 25:52 | Crear | Mangonel |
| 26:32 | Crear | Skirmisher |
| 26:32 | Crear | Skirmisher |
| 26:32 | Crear | Skirmisher |
| 27:06 | Investigar | Loom |
| 27:30 | Construir | Farm |
| 27:32 | Construir | Farm |
| 27:32 | Construir | Farm |
| 27:32 | Construir | Farm |
| 27:33 | Construir | Farm |
| 27:33 | Construir | Farm |
| 27:33 | Construir | Farm |
| 27:33 | Construir | Farm |
| 27:36 | Crear | Villager (Male) |
| 27:37 | Crear | Villager (Male) |
| 27:40 | Crear | Villager (Male) |
| 27:40 | Crear | Villager (Male) |
| 27:53 | Crear | Skirmisher |
| 27:53 | Crear | Skirmisher |
| 27:53 | Crear | Skirmisher |
| 29:18 | Crear | Battle Elephant |
| 29:18 | Crear | Battle Elephant |
| 29:34 | Construir | Mining Camp |
| 30:40 | Crear | Villager (Male) |
| 30:41 | Crear | Villager (Male) |
| 30:41 | Crear | Villager (Male) |
| 30:41 | Crear | Villager (Male) |
| 30:54 | Construir | Stone Wall |
| 32:03 | Crear | Villager (Male) |
| 32:03 | Crear | Villager (Male) |
| 32:05 | Crear | Villager (Male) |
| 32:06 | Crear | Villager (Male) |
| 32:06 | Crear | Villager (Male) |
| 32:06 | Crear | Villager (Male) |
| 32:09 | Crear | Villager (Male) |
| 32:09 | Crear | Villager (Male) |
| 32:09 | Crear | Villager (Male) |
| 32:10 | Crear | Villager (Male) |
| 32:10 | Crear | Villager (Male) |
| 32:19 | Investigar | Gold Mining |
| 32:25 | Investigar | Bloodlines |
| 32:32 | Crear | Skirmisher |
| 32:33 | Crear | Skirmisher |
| 32:33 | Crear | Skirmisher |
| 32:58 | Construir | University |
| 33:04 | Construir | Farm |
| 33:07 | Crear | Villager (Male) |
| 33:08 | Crear | Villager (Male) |
| 33:08 | Crear | Villager (Male) |
| 33:17 | Construir | Farm |
| 33:20 | Investigar | Heavy Plow |
| 33:22 | Investigar | Double-Bit Axe |
Build order — Cheu7855
Primeras 150 de 414 acciones detectadas
| 0:06 | Construir | House |
| 0:08 | Construir | House |
| 0:08 | Crear | Villager (Male) ×4 |
| 1:33 | Crear | Villager (Male) |
| 1:57 | Construir | Lumber Camp |
| 2:20 | Crear | Villager (Male) |
| 2:21 | Crear | Villager (Male) |
| 2:31 | Crear | Villager (Male) |
| 3:08 | Crear | Villager (Male) |
| 3:27 | Crear | Villager (Male) |
| 3:43 | Construir | Mill |
| 3:51 | Crear | Villager (Male) |
| 4:03 | Construir | House |
| 4:06 | Crear | Villager (Male) |
| 4:41 | Investigar | Loom |
| 4:46 | Crear | Villager (Male) |
| 5:22 | Crear | Villager (Male) |
| 5:48 | Crear | Villager (Male) |
| 6:10 | Crear | Villager (Male) |
| 6:17 | Construir | House |
| 6:36 | Crear | Villager (Male) |
| 6:59 | Crear | Villager (Male) |
| 7:38 | Crear | Villager (Male) |
| 8:21 | Crear | Villager (Male) |
| 8:47 | Investigar | Feudal Age |
| 8:59 | Construir | Mining Camp |
| 9:09 | Crear | Villager (Male) |
| 9:31 | Construir | House |
| 10:36 | Crear | Villager (Male) |
| 10:36 | Crear | Villager (Male) |
| 10:46 | Crear | Villager (Male) |
| 11:31 | Construir | Mill |
| 12:02 | Construir | Market |
| 12:07 | Construir | Blacksmith |
| 12:17 | Crear | Villager (Male) |
| 12:49 | Crear | Villager (Male) |
| 13:25 | Investigar | Castle Age |
| 13:25 | Investigar | Castle Age |
| 13:56 | Construir | House |
| 13:57 | Construir | House |
| 13:58 | Construir | House |
| 14:00 | Construir | House |
| 14:01 | Construir | House |
| 14:15 | Crear | Villager (Male) |
| 14:16 | Crear | Villager (Male) |
| 14:16 | Crear | Villager (Male) |
| 15:56 | Construir | Mining Camp |
| 16:15 | Construir | Town Center |
| 16:20 | Construir | Town Center |
| 16:35 | Construir | Farm |
| 17:03 | Construir | Farm |
| 17:07 | Crear | Villager (Male) |
| 17:26 | Construir | Farm |
| 17:52 | Construir | Farm |
| 17:55 | Crear | Villager (Male) |
| 18:00 | Crear | Villager (Male) |
| 18:02 | Crear | Villager (Male) |
| 18:19 | Crear | Villager (Male) |
| 18:20 | Crear | Villager (Male) |
| 18:21 | Crear | Villager (Male) |
| 18:21 | Crear | Villager (Male) |
| 18:25 | Construir | Farm |
| 18:35 | Construir | Farm |
| 18:48 | Construir | Farm |
| 18:51 | Construir | Farm |
| 19:04 | Crear | Villager (Male) |
| 19:05 | Crear | Villager (Male) |
| 19:07 | Construir | Farm |
| 19:13 | Construir | Farm |
| 19:16 | Construir | Farm |
| 19:30 | Crear | Villager (Male) |
| 19:36 | Construir | Farm |
| 19:40 | Crear | Villager (Male) |
| 20:12 | Crear | Villager (Male) ×2 |
| 20:16 | Construir | Farm |
| 20:20 | Construir | Farm |
| 20:30 | Crear | Villager (Male) |
| 20:52 | Construir | Farm |
| 20:54 | Construir | Farm |
| 20:55 | Crear | Villager (Male) |
| 20:55 | Crear | Villager (Male) |
| 21:10 | Construir | Farm |
| 21:11 | Crear | Villager (Male) |
| 21:11 | Crear | Villager (Male) |
| 21:11 | Crear | Villager (Male) |
| 21:27 | Construir | Farm |
| 21:29 | Construir | Farm |
| 21:50 | Construir | Farm |
| 21:53 | Construir | Farm |
| 21:59 | Crear | Villager (Male) ×4 |
| 22:01 | Crear | Villager (Male) |
| 22:10 | Crear | Villager (Male) |
| 22:28 | Construir | Castle |
| 22:30 | Construir | Mining Camp |
| 22:38 | Crear | Villager (Male) ×4 |
| 22:43 | Construir | Farm |
| 22:47 | Construir | Farm |
| 22:53 | Construir | Farm |
| 22:58 | Construir | Farm |
| 23:01 | Construir | Farm |
| 23:04 | Crear | Villager (Male) |
| 23:04 | Crear | Villager (Male) |
| 23:21 | Construir | Farm |
| 23:33 | Construir | Farm |
| 23:37 | Construir | Farm |
| 23:39 | Construir | Farm |
| 23:59 | Construir | Farm |
| 24:04 | Construir | Farm |
| 24:06 | Construir | Farm |
| 24:17 | Crear | Villager (Male) |
| 24:17 | Crear | Villager (Male) |
| 24:18 | Crear | Villager (Male) |
| 25:12 | Crear | Hussite Wagon |
| 25:12 | Crear | Hussite Wagon |
| 25:15 | Investigar | Imperial Age |
| 25:23 | Investigar | Wheelbarrow |
| 25:32 | Investigar | Town Watch |
| 25:57 | Crear | Hussite Wagon |
| 26:06 | Crear | Villager (Male) ×5 |
| 26:16 | Investigar | Double-Bit Axe |
| 26:20 | Construir | Lumber Camp |
| 26:49 | Investigar | Horse Collar |
| 27:13 | Crear | Villager (Male) |
| 27:13 | Crear | Villager (Male) |
| 27:55 | Crear | Villager (Male) ×5 |
| 28:10 | Investigar | Bow Saw |
| 28:31 | Investigar | Elite Hussite Wagon (upgrade) |
| 28:32 | Investigar | Wagenburg Tactics |
| 28:36 | Investigar | Conscription |
| 28:41 | Crear | Villager (Male) ×5 |
| 28:44 | Crear | Villager (Male) ×5 |
| 29:16 | Construir | House |
| 29:17 | Construir | House |
| 29:18 | Construir | House |
| 29:19 | Construir | House |
| 29:20 | Construir | House |
| 29:21 | Construir | House |
| 29:24 | Investigar | Two-Man Saw |
| 29:27 | Construir | House |
| 29:28 | Construir | House |
| 29:29 | Construir | House |
| 29:31 | Construir | House |
| 29:31 | Construir | House |
| 29:42 | Investigar | Heavy Plow |
| 29:51 | Crear | Hussite Wagon |
| 29:51 | Crear | Hussite Wagon |
| 30:28 | Crear | Villager (Male) ×5 |
| 30:29 | Crear | Villager (Male) ×5 |
| 31:35 | Crear | Hussite Wagon |
| 31:36 | Crear | Hussite Wagon |
Build order — Dioxis
Primeras 150 de 540 acciones detectadas
| 0:03 | Construir | House |
| 0:04 | Construir | House |
| 0:04 | Crear | Villager (Male) |
| 0:05 | Crear | Villager (Male) |
| 0:05 | Crear | Villager (Male) |
| 0:05 | Crear | Villager (Male) |
| 0:05 | Crear | Villager (Male) |
| 1:23 | Crear | Villager (Male) |
| 1:23 | Crear | Villager (Male) |
| 1:51 | Construir | Mining Camp |
| 1:52 | Crear | Villager (Male) |
| 2:11 | Crear | Villager (Male) |
| 2:11 | Crear | Villager (Male) |
| 2:28 | Crear | Villager (Male) |
| 2:28 | Crear | Villager (Male) |
| 2:39 | Crear | Villager (Male) |
| 2:39 | Crear | Villager (Male) |
| 2:39 | Crear | Villager (Male) |
| 3:04 | Crear | Villager (Male) |
| 3:04 | Crear | Villager (Male) |
| 3:12 | Construir | House |
| 3:20 | Crear | Villager (Male) |
| 3:21 | Crear | Villager (Male) |
| 3:42 | Crear | Villager (Male) |
| 3:42 | Crear | Villager (Male) |
| 4:11 | Crear | Villager (Male) |
| 4:11 | Crear | Villager (Male) |
| 4:32 | Crear | Villager (Male) |
| 4:45 | Crear | Villager (Male) |
| 4:57 | Crear | Villager (Male) |
| 5:01 | Construir | House |
| 5:03 | Crear | Villager (Male) |
| 5:04 | Crear | Villager (Male) |
| 5:11 | Construir | Lumber Camp |
| 5:28 | Crear | Villager (Male) |
| 5:28 | Crear | Villager (Male) |
| 6:35 | Construir | House |
| 6:40 | Crear | Villager (Male) |
| 6:40 | Crear | Villager (Male) |
| 6:40 | Crear | Villager (Male) |
| 6:48 | Construir | Mill |
| 8:06 | Crear | Villager (Male) |
| 8:06 | Investigar | Loom |
| 8:08 | Construir | Farm |
| 8:13 | Crear | Villager (Male) |
| 8:38 | Crear | Villager (Male) |
| 8:41 | Crear | Villager (Male) |
| 8:41 | Crear | Villager (Male) |
| 9:24 | Construir | Lumber Camp |
| 9:28 | Construir | Mining Camp |
| 10:32 | Investigar | Feudal Age |
| 11:22 | Crear | Villager (Male) |
| 11:22 | Crear | Villager (Male) |
| 11:23 | Investigar | Loom |
| 12:32 | Construir | Mill |
| 12:42 | Edad | Edad Feudal |
| 12:45 | Construir | Market |
| 12:47 | Construir | Blacksmith |
| 14:05 | Construir | Farm |
| 15:19 | Investigar | Castle Age |
| 15:29 | Investigar | Double-Bit Axe |
| 15:40 | Investigar | Horse Collar |
| 16:36 | Construir | House |
| 17:20 | Crear | Villager (Male) |
| 17:20 | Crear | Villager (Male) |
| 17:20 | Crear | Villager (Male) |
| 17:21 | Crear | Villager (Male) |
| 17:59 | Edad | Edad de los Castillos |
| 18:06 | Construir | Castle |
| 18:09 | Construir | Mining Camp |
| 18:19 | Construir | Town Center |
| 18:28 | Construir | Town Center |
| 19:07 | Investigar | Heavy Plow |
| 19:12 | Investigar | Bow Saw |
| 19:27 | Construir | Farm |
| 19:28 | Construir | Farm |
| 19:28 | Construir | Farm |
| 19:29 | Construir | Farm |
| 19:29 | Construir | Farm |
| 19:35 | Crear | Villager (Male) |
| 19:35 | Crear | Villager (Male) |
| 19:39 | Crear | Villager (Male) |
| 19:40 | Crear | Villager (Male) |
| 20:02 | Crear | Villager (Male) |
| 20:02 | Crear | Villager (Male) |
| 20:12 | Crear | Longbowman |
| 20:12 | Crear | Longbowman |
| 20:32 | Construir | Monastery |
| 20:38 | Construir | Farm |
| 20:38 | Construir | Farm |
| 20:39 | Construir | Farm |
| 20:39 | Construir | Farm |
| 20:58 | Crear | Villager (Male) |
| 20:58 | Crear | Villager (Male) |
| 21:11 | Crear | Longbowman |
| 21:13 | Crear | Longbowman |
| 22:15 | Construir | Castle |
| 22:24 | Construir | House |
| 22:36 | Crear | Villager (Male) |
| 22:36 | Crear | Villager (Male) |
| 22:37 | Crear | Villager (Male) |
| 22:37 | Crear | Longbowman |
| 22:37 | Crear | Longbowman |
| 22:48 | Construir | Building 487 |
| 22:54 | Construir | Stone Wall |
| 23:22 | Construir | Siege Workshop |
| 23:28 | Crear | Longbowman |
| 23:28 | Crear | Longbowman |
| 23:57 | Crear | Longbowman |
| 24:29 | Construir | Stone Wall |
| 24:37 | Construir | Stone Wall |
| 24:42 | Investigar | Gold Mining |
| 24:44 | Crear | Battering Ram |
| 24:53 | Crear | Battering Ram |
| 25:11 | Construir | Farm |
| 25:12 | Construir | Farm |
| 25:15 | Construir | Farm |
| 25:15 | Construir | Farm |
| 25:15 | Construir | Farm |
| 25:15 | Construir | Farm |
| 25:16 | Construir | Farm |
| 25:16 | Construir | Farm |
| 25:16 | Construir | Farm |
| 25:16 | Construir | Farm |
| 25:17 | Crear | Villager (Male) |
| 25:17 | Crear | Villager (Male) |
| 25:17 | Crear | Villager (Male) |
| 25:18 | Crear | Villager (Male) |
| 25:19 | Crear | Villager (Male) |
| 25:19 | Crear | Villager (Male) |
| 25:53 | Crear | Mangonel |
| 25:57 | Crear | Battering Ram |
| 26:10 | Crear | Villager (Male) |
| 26:11 | Crear | Villager (Male) |
| 26:11 | Crear | Villager (Male) |
| 26:16 | Construir | Farm |
| 26:16 | Construir | Farm |
| 26:16 | Construir | Farm |
| 26:17 | Construir | Farm |
| 26:25 | Crear | Villager (Male) |
| 26:25 | Crear | Villager (Male) |
| 26:25 | Crear | Villager (Male) |
| 26:31 | Crear | Longbowman |
| 26:31 | Crear | Longbowman |
| 26:32 | Crear | Longbowman |
| 26:33 | Crear | Longbowman |
| 26:38 | Crear | Battering Ram |
| 26:57 | Construir | Lumber Camp |
| 27:46 | Crear | Villager (Male) |
| 27:46 | Crear | Villager (Male) |
Cronología de la partida
| 4:14 | BeuN AZRAEL · wall_segment Palisade Wall x1 |
| 4:19 | BeuN AZRAEL · wall_segment Palisade Wall x1 |
| 4:24 | BeuN AZRAEL · wall_segment Palisade Wall x1 |
| 7:38 | DoomedBell1814 · first_building Barracks |
| 10:08 | F3llipe · age_up feudal |
| 10:20 | Stanis_Baratheon · age_up feudal |
| 10:35 | AztK_Xhelotl_ °_° · first_building Barracks |
| 10:47 | jorgees94 · age_up feudal |
| 10:56 | AztK_Xhelotl_ °_° · age_up feudal |
| 12:42 | Dioxis · age_up feudal |
| 13:00 | jorgees94 · first_market_sell 100 wood |
| 13:08 | Stanis_Baratheon · first_building Archery Range |
| 13:49 | BeuN AZRAEL · first_building Barracks |
| 14:04 | AztK_Xhelotl_ °_° · first_building Stable |
| 14:45 | BeuN AZRAEL · first_building Stable |
| 15:13 | jorgees94 · first_building Barracks |
| 15:35 | DoomedBell1814 · first_market_sell 100 wood |
| 15:38 | DoomedBell1814 · first_market_buy 100 food |
| 15:56 | jorgees94 · age_up castle |
| 16:04 | jorgees94 · first_building Siege Workshop |
| 16:20 | DoomedBell1814 · first_building Stable |
| 16:39 | Stanis_Baratheon · age_up castle |
| 16:40 | F3llipe · first_building Barracks |
| 16:51 | BeuN AZRAEL · first_building Monastery |
| 17:07 | jorgees94 · first_building Archery Range |
| 17:59 | Dioxis · age_up castle |
| 18:06 | Dioxis · first_building Castle |
| 18:38 | F3llipe · first_building Stable |
| 18:54 | F3llipe · age_up castle |
| 19:03 | F3llipe · first_market_sell 100 food |
| 19:05 | F3llipe · first_market_buy 100 wood |
| 19:57 | AztK_Xhelotl_ °_° · age_up castle |
| 20:26 | AztK_Xhelotl_ °_° · first_building Castle |
| 20:32 | Dioxis · first_building Monastery |
| 20:34 | Stanis_Baratheon · first_building Stable |
| 20:59 | F3llipe · first_building Monastery |
| 21:02 | Stanis_Baratheon · first_building Siege Workshop |
| 21:03 | DoomedBell1814 · first_building Castle |
| 21:57 | Stanis_Baratheon · first_building Monastery |
| 22:22 | DoomedBell1814 · first_building Siege Workshop |
| 22:28 | Cheu7855 · first_building Castle |
| 22:31 | jorgees94 · first_building Stable |
| 22:54 | Dioxis · wall_segment Stone Wall x2 |
| 23:22 | Dioxis · first_building Siege Workshop |
| 23:22 | AztK_Xhelotl_ °_° · first_building Siege Workshop |
| 23:30 | Stanis_Baratheon · first_market_sell 100 food |
| 23:53 | Stanis_Baratheon · first_building Castle |
| 24:29 | Dioxis · wall_segment Stone Wall x5 |
| 24:37 | Dioxis · wall_segment Stone Wall x6 |
| 24:49 | F3llipe · first_building Siege Workshop |
| 26:08 | BeuN AZRAEL · first_market_buy 100 food |
| 26:33 | AztK_Xhelotl_ °_° · first_building Archery Range |
| 26:42 | F3llipe · first_building Castle |
| 27:19 | jorgees94 · wall_segment Palisade Wall x1 |
| 28:07 | DoomedBell1814 · first_building Monastery |
| 28:47 | Dioxis · first_building Barracks |
| 30:54 | Stanis_Baratheon · wall_segment Stone Wall x1 |
| 30:56 | BeuN AZRAEL · first_building Castle |
| 31:29 | BeuN AZRAEL · first_building Siege Workshop |
| 31:58 | Cheu7855 · first_building Barracks |
| 32:00 | BeuN AZRAEL · first_building Archery Range |
| 32:18 | Dioxis · age_up imperial |
| 33:47 | Cheu7855 · first_building Stable |
| 35:25 | F3llipe · age_up imperial |
| 35:49 | jorgees94 · first_building Monastery |
| 36:54 | Cheu7855 · first_building Siege Workshop |
| 37:28 | AztK_Xhelotl_ °_° · age_up imperial |
| 38:41 | DoomedBell1814 · wall_segment Stone Wall x7 |
| 39:57 | BeuN AZRAEL · tribute_sent a jugador 1 |
| 39:57 | BeuN AZRAEL · tribute_sent a jugador 3 |
| 39:57 | BeuN AZRAEL · tribute_sent a jugador 4 |
| 39:57 | BeuN AZRAEL · tribute_sent a jugador 5 |
| 39:57 | BeuN AZRAEL · tribute_sent a jugador 6 |
| 39:57 | BeuN AZRAEL · tribute_sent a jugador 7 |
| 39:57 | BeuN AZRAEL · tribute_sent a jugador 8 |
| 40:16 | jorgees94 · age_up imperial |
| 40:54 | Stanis_Baratheon · first_market_buy 100 stone |
| 43:08 | jorgees94 · first_building Castle |
| 43:27 | DoomedBell1814 · first_building Archery Range |
| 45:43 | Dioxis · first_market_sell 100 wood |
| 47:52 | Dioxis · wall_segment Stone Wall x5 |
| 49:28 | Dioxis · first_market_buy 100 stone |
| 49:43 | BeuN AZRAEL · first_market_sell 500 wood |
| 63:35 | Stanis_Baratheon · age_up imperial |
| 68:42 | Dioxis · first_building Stable |
| 69:12 | Dioxis · wall_segment Stone Wall x4 |
| 71:31 | Dioxis · wall_segment Stone Wall x6 |
| 73:29 | Dioxis · resign |
[ ANÁLISIS IA · 1 CRÉDITO ]
¿Qué pasó realmente en esta partida?
Wolo.gg analiza cada decisión: build order, eco, micro, errores típicos por bracket. Análisis personalizado por WhatsApp o Discord en 30 segundos.
Guía civ
Britanos
Perfil
Jugador #17598922